 Dungeon Crawl Stone Soup version 0.30.0-20-g3615ddf2f0 (webtiles) character file.

Game seed: 6945775521415881649

415 qw the Chopper (level 6, -9/38 HPs)
             Began as a Gargoyle Fighter on May 30, 2023.
             Killed by divine providence
             ... invoked by an orc priest
              (17 damage)
             ... on level 5 of the Dungeon.
             The game lasted 00:01:41 (3810 turns).

qw the Chopper (Gargoyle Fighter)                   Turns: 3810, Time: 00:01:42

Health: -9/38      AC: 16    Str: 22    XL:     6   Next: 92%
Magic:  6/6        EV:  8    Int:  8    God:
Gold:   237        SH:  4    Dex:  9    Spells: 5/5 levels left

rFire   + . .        Y - +1 war axe
rCold   . . .        c - +0 buckler
rNeg    + . .        n - +0 chain mail
rPois   inf          (no helmet)
rElec   +            b - +2 cloak
rCorr   .            (no gloves)
SInv    .            (no boots)
Will    .....        (no amulet) Stlth
                     o - ring of protection from fire
HPRegen 0.26/turn    (no ring)
MPRegen 0.10/turn

%: no passive effects
@: no status effects
A: sickness immunity, AC +4, negative energy resistance 1, electricity
resistance, torment resistance 1, petrification resistance
a: no special abilities


You were on level 5 of the Dungeon.
You visited 1 branch of the dungeon, and saw 5 of its levels.

You collected 237 gold pieces.


Innate Abilities, Weirdness & Mutations

You are immune to sickness and miasma.
Your stone body is resilient. (AC +4)
You are immune to poison.
You resist negative energy. (rN+)
You are resistant to electric shocks. (rElec)
You are resistant to unholy torment.
You are immune to petrification.


   Skills:
 - Level 4.2 Fighting
 - Level 6.0 Axes
 - Level 3.2 Armour
 + Level 0.9 Dodging
 - Level 3.2 Shields


You had 5 spell levels left.
You didn't know any spells.
Your spell library was empty.

Inventory:

Hand Weapons
 r - a +0 morningstar
 Y - a +1 war axe (weapon)
Armour
 b - a +2 cloak (worn)
 c - a +0 buckler (worn)
 n - a +0 chain mail (worn)
Jewellery
 o - a ring of protection from fire (left hand)
Scrolls
 i - a scroll of identify
 l - a scroll of enchant armour
Potions
 d - 3 potions of might
 f - a potion of attraction {unknown}
 g - a potion of degeneration {unknown}
 h - a potion of heal wounds {unknown}
 j - a potion of flight {unknown}
 k - a potion of curing
 m - a potion of lignification {unknown}
 p - a potion of mutation {unknown}

Dungeon Overview and Level Annotations

Branches:
Dungeon (5/15)
 Temple: D:4-7

Altars:
Ashenzari
Makhleb
Ru
Uskayaw
Xom
Yredelemnul


Message History

The orc is heavily wounded.
You closely miss the orc priest. x2
The orc priest closely misses you. x2; The orc barely misses you.
You barely miss the orc.
The orc is heavily wounded.
You closely miss the orc priest. You hit the orc priest.
You slash the orc priest! The orc hits you but does no damage.
The orc priest hits you but does no damage.
The orc priest barely misses you.
The orc priest calls upon Beogh to heal the orc priest.
The orc priest's wounds heal themselves!
You block the orc priest's attack. The orc hits you with a +3 war axe.
The orc priest hits you but does no damage.
The orc priest completely misses you.
You barely miss the orc priest.
The orc priest is severely wounded.
You closely miss the orc priest. You closely miss the orc.
You hit the orc priest. You block the orc priest's attack.
The orc priest looks satisfied for a moment.
The orc hits you but does no damage.
The orc priest mumbles some strange prayers to Beogh against you.
Pain shoots through your body!
You hit the orc priest but do no damage.
The orc priest is severely wounded.
You slash the orc priest! You barely miss the orc. You slash the orc priest!
The orc priest barely misses you. The orc barely misses you.
The orc priest calls upon Beogh to heal the orc priest.
The orc priest is healed somewhat.
You hit the orc priest.
The orc priest is severely wounded.
You hit the orc.
You kill the orc!
You hit the orc priest. x2
You kill the orc priest!
The orc priest barely misses you.
The orc priest calls down the wrath of Beogh upon you.
Beogh smites you!
You die...

#.# #.# #.# ..#
#.# #.#
##)####.##
#o@o.....#
#.....).).....#
#.#####o#####.#
#o# #.# ... #.#
#.#


You could see 2 orc priests and 2 orcs.

Vanquished Creatures
  An ogre (D:3)
  A hound (D:5)
  A jelly (D:4)
  2 orc priests (D:5)
  Jessica (D:2)
  Terence (D:3)
  2 orc wizards
  5 adders
  A worm (D:2)
  2 dart slugs
  12 orcs
  3 bats
  An endoplasm (D:3)
  2 giant cockroaches (D:1)
  9 hobgoblins
  6 jackals (D:1)
  6 kobolds
  6 quokkas
  7 ball pythons
  A frilled lizard (D:1)
  9 goblins
  4 rats
83 creatures vanquished.

Notes
Turn   | Place    | Note
-------+----------+-------------------------------------------
     0 | D:1      | qw the Gargoyle Fighter began the quest for the Orb.
     0 | D:1      | Reached XP level 1. HP: 14/14 MP: 1/1
     0 | D:1      | 0 ||| qw: Version: 0.2-a-102-g2b76a06
     0 | D:1      | 0 ||| qw: Game counter: 496
     0 | D:1      | 0 ||| qw: Always use a shield: true
     0 | D:1      | 0 ||| qw: God list: Okawaru
     0 | D:1      | 0 ||| qw: Allow faded altars: false
     0 | D:1      | 0 ||| qw: Do Orc after D:15 true
     0 | D:1      | 0 ||| qw: Do second Lair branch before Depths: true
     0 | D:1      | 0 ||| qw: Lair rune preference: random
     0 | D:1      | 0 ||| qw: Plans: Normal, Zot:1-4, Slime:5, God:TSO, Crypt,
                  | Tomb, Pan, Hells, Abyss, Win
     0 | D:1      | 0 ||| PLANNING D:1-11
   188 | D:1      | Reached skill level 2 in Axes
   205 | D:1      | Reached XP level 2. HP: 19/19 MP: 2/2
   378 | D:1      | 378 ||| Stepping ~*~*~tactically~*~*~ (stealth).
   383 | D:1      | 383 ||| Stepping ~*~*~tactically~*~*~ (stealth).
   626 | D:1      | Reached skill level 3 in Axes
   707 | D:1      | Reached XP level 3. HP: 23/23 MP: 3/3
  1095 | D:1      | 1095 ||| READING scroll labelled GOIDWU LAYCE.
  1096 | D:1      | 1096 ||| READING scroll labelled CORHOV JIKLA.
  1097 | D:1      | 1097 ||| READING scroll labelled ANEDU ASHREITZ.
  1098 | D:1      | 1098 ||| READING 3 scrolls labelled ANWU QUIMUASO.
  1248 | D:2      | 1248 ||| Stepping ~*~*~tactically~*~*~ (hiding).
  1249 | D:2      | 1249 ||| Stepping ~*~*~tactically~*~*~ (hiding).
  1462 | D:2      | Noticed Jessica
  1463 | D:2      | 1463 ||| Stepping ~*~*~tactically~*~*~ (hiding).
  1473 | D:2      | Killed Jessica
  1474 | D:2      | Reached skill level 4 in Axes
  1474 | D:2      | Reached XP level 4. HP: 23/28 MP: 4/4
  1888 | D:2      | 1888 ||| READING scroll labelled AKAAGE GAUZEINE.
  1889 | D:2      | 1889 ||| READING scroll labelled QUBURAUGET.
  1988 | D:3      | Noticed Terence
  2005 | D:3      | HP: 5/28 [Terence/+2 flail of protection (4)]
  2006 | D:3      | Killed Terence
  2101 | D:3      | 2101 ||| DROPPING +0 whip.
  2129 | D:3      | Found a basalt altar of Yredelemnul.
  2157 | D:3      | Found a shimmering altar of Xom.
  2157 | D:3      | Found a sacrificial altar of Ru.
  2157 | D:3      | Found a broken altar of Ashenzari.
  2161 | D:3      | Found a burning altar of Makhleb.
  2511 | D:3      | Reached XP level 5. HP: 32/32 MP: 5/5
  2917 | D:3      | Found a hide-covered altar of Uskayaw.
  2995 | D:3      | 2995 ||| READING scroll labelled JOIHARR WUAM.
  2996 | D:3      | 2996 ||| READING scroll labelled UTUKKY GUFUT.
  3052 | D:4      | Noticed an ogre
  3056 | D:4      | HP: 6/32 [ogre/+0 giant spiked club (26)]
  3057 | D:4      | 3057 ||| STAIRDANCE
  3062 | D:3      | Killed an ogre
  3063 | D:3      | Reached skill level 5 in Axes
  3163 | D:4      | 3163 ||| STAIRDANCE
  3167 | D:3      | Reached XP level 6. HP: 34/37 MP: 6/6
  3200 | D:3      | 3200 ||| UPGRADING to +0 chain mail.
  3210 | D:3      | 3210 ||| DROPPING +0 scale mail.
  3303 | D:4      | 3303 ||| Stepping ~*~*~tactically~*~*~ (stealth).
  3304 | D:4      | 3304 ||| Stepping ~*~*~tactically~*~*~ (stealth).
  3305 | D:4      | 3305 ||| Stepping ~*~*~tactically~*~*~ (stealth).
  3356 | D:4      | 3356 ||| Stepping ~*~*~tactically~*~*~ (stealth).
  3367 | D:4      | 3367 ||| Stepping ~*~*~tactically~*~*~ (stealth).
  3377 | D:4      | 3377 ||| FLEEEEING.
  3378 | D:4      | 3378 ||| FLEEEEING.
  3379 | D:4      | 3379 ||| FLEEEEING.
  3380 | D:4      | 3380 ||| FLEEEEING.
  3381 | D:4      | 3381 ||| FLEEEEING.
  3382 | D:4      | 3382 ||| FLEEEEING.
  3383 | D:4      | 3383 ||| FLEEEEING.
  3385 | D:4      | 3385 ||| FLEEEEING.
  3386 | D:4      | 3386 ||| FLEEEEING.
  3387 | D:4      | 3387 ||| FLEEEEING.
  3388 | D:4      | 3388 ||| FLEEEEING.
  3389 | D:4      | 3389 ||| FLEEEEING.
  3390 | D:4      | 3390 ||| FLEEEEING.
  3391 | D:4      | 3391 ||| FLEEEEING.
  3392 | D:4      | 3392 ||| FLEEEEING.
  3393 | D:4      | 3393 ||| FLEEEEING.
  3394 | D:4      | 3394 ||| FLEEEEING.
  3395 | D:4      | 3395 ||| FLEEEEING.
  3396 | D:4      | 3396 ||| FLEEEEING.
  3397 | D:4      | 3397 ||| FLEEEEING.
  3398 | D:4      | 3398 ||| FLEEEEING.
  3399 | D:4      | 3399 ||| FLEEEEING.
  3406 | D:4      | 3406 ||| FLEEEEING.
  3407 | D:4      | 3407 ||| FLEEEEING.
  3408 | D:4      | 3408 ||| FLEEEEING.
  3409 | D:4      | 3409 ||| FLEEEEING.
  3410 | D:4      | 3410 ||| FLEEEEING.
  3605 | D:4      | 3605 ||| DROPPING +2 flail of protection.
  3768 | D:4      | 3768 ||| UPGRADING to +0 cloak.
  3773 | D:4      | 3773 ||| READING 3 scrolls of enchant armour.
  3773 | D:4      | 3773 ||| ENCHANTING +0 cloak.
  3774 | D:4      | 3774 ||| READING 2 scrolls of enchant armour.
  3774 | D:4      | 3774 ||| ENCHANTING +1 cloak.
  3775 | D:4      | 3775 ||| UPGRADING to ring of protection from fire.
  3776 | D:4      | 3776 ||| READING scroll labelled DUANLE HINGU.
  3777 | D:4      | 3777 ||| READING scroll labelled CAEXKU LUEMUKH.
  3778 | D:4      | 3778 ||| DRINKING 2 pink potions.
  3779 | D:4      | 3779 ||| READING 2 scrolls of identify.
  3779 | D:4      | 3779 ||| IDENTIFYING orange potion
  3780 | D:4      | 3780 ||| DROPPING potion of brilliance.
  3790 | D:5      | Entered Level 5 of the Dungeon
  3804 | D:5      | Reached skill level 6 in Axes
  3805 | D:5      | HP: 8/38 [orc priest/divine providence (15)]
  3810 | D:5      | Killed from afar by an orc priest

Levels and vault maps discovered:
D:1:      nicolae_arrival_memento_mori, layout_loops_corners, glass_columns_b,
          hangedman_decor_growths, hangedman_decor_slide_cut
D:2:      layout_loops_ring, uniq_jessica
D:3:      cheibrodos_greedy_goblins, layout_loops_corners,
          mainiacjoe_overflow_alcove_2, minitemple, st_stairs_1,
          lightli_corner_chamber, uniq_terence
D:4:      layout_rooms
D:5:      layout_loops_ring, elyvilon_altar_1, minmay_misc_feat_roman

Skill      XL: |  1  2  3  4  5  6 |
---------------+-------------------+-----
Axes           | 2 3 4 5 6 |  6.0
Fighting       | 4 |  4.2
Armour         | |  3.2
Dodging        | |  0.9
Shields        | |  3.2

Action                     |  1- 3 |  4- 6 || total
---------------------------+-------+-------++-------
  Melee: War axe           |   102 |   137 ||   239
  Throw: Boomerang         |       |    14 ||    14
    Use: Scroll            |     4 |     9 ||    13
         Potion            |       |     1 ||     1
 Armour: Scale mail        |    57 |    35 ||    92
         Chain mail        |       |    44 ||    44
  Dodge: Dodged            |    42 |    65 ||   107
  Block: Buckler           |    13 |    25 ||    38

Table legend:
 A = Non-vault XP
 B = Vault XP
 C = Vault XP percentage of total XP
 D = Non-vault monster count
 E = Vault monster count
 F = Vault count percentage of total count
                 A         B        C        D         E       F
            +---------+---------+-------+---------+---------+-------
      Total |     534 |     106 |  16.6 |      70 |      13 |  15.7
            +---------+---------+-------+---------+---------+-------
        D:1 |      39 |       0 |   0.0 |      21 |       0 |   0.0
        D:2 |      38 |      37 |  49.3 |      14 |       1 |   6.7
        D:3 |     145 |      69 |  32.2 |       9 |      12 |  57.1
        D:4 |     141 |       0 |   0.0 |      19 |       0 |   0.0
        D:5 |     171 |       0 |   0.0 |       7 |       0 |   0.0
            +---------+---------+-------+---------+---------+-------
